 Dungeon Crawl Stone Soup version 0.20-a0-1089-g3fde505 (webtiles) character file.

56 sveltemanboy the Ducker (level 3, 0/29 HPs)
             Began as a Demonspawn Monk on May 2, 2017.
             Slain by a gnoll (6 damage)
             ... on level 1 of the Dungeon.
             The game lasted 00:04:01 (1774 turns).

sveltemanboy the Ducker (Demonspawn Monk)           Turns: 1774, Time: 00:04:02

Health: 0/29       AC:  4    Str: 12    XL:     3   Next: 69%
Magic:  3/3        EV: 12    Int: 11    God:
Gold:   65         SH:  0    Dex: 15    Spells: 2/2 levels left

rFire    x . .     SeeInvis .   s - +3 whip
rCold    + . .     Gourm    .   (no shield)
rNeg     . . .     Faith    .   b - +0 robe
rPois    .         Spirit   .   k - +2 hat
rElec    .         Reflect  .   (no cloak)
rCorr    .         Harm     .   (no gloves)
MR       .....                  (no boots)
Stlth    ++........             (no amulet)
Regen    0.1/turn               u - ring of ice
MPRegen  0.1/turn               (no ring)

@: heavily drained
A: powered by pain 1
a: no special abilities


You were on level 1 of the Dungeon.
You were not hungry.

You visited 1 branch of the dungeon, and saw 2 of its levels.

You collected 65 gold pieces.

Inventory:

Hand Weapons
 d - a +3 mace
 s - a +3 whip (weapon)
Armour
 b - a +0 robe (worn)
 k - a +2 hat (worn)
Jewellery
 u - a ring of ice (left hand)
Scrolls
 a - a scroll of fear {unknown}
 e - 2 scrolls of identify {unknown}
 f - 2 scrolls of remove curse {unknown}
 h - a scroll of blinking {unknown}
 i - 2 scrolls of immolation {unknown}
 l - 2 scrolls of teleportation {unknown}
 m - 2 scrolls of recharging {unknown}
 t - a scroll of fog {unknown}
Potions
 g - 2 potions of ambrosia {unknown}
 n - a potion of heal wounds {unknown}
 o - a potion of curing
 p - a potion of haste {unknown}
Comestibles
 c - a bread ration
 j - 2 meat rations
 q - a fruit


   Skills:
 - Level 3.0(1.7) Fighting
   Level 2.6(1.4) Long Blades
 * Level 2.1(0.9) Maces & Flails
 + Level 1.2(0.0) Armour
 - Level 3.1(1.9) Dodging
 - Level 1.7(0.5) Stealth


You had 2 spell levels left.
You didn't know any spells.

Dungeon Overview and Level Annotations

Branches:
Dungeon (2/15)

Altars:
Cheibriados
Fedhas


Innate Abilities, Weirdness & Mutations

You sometimes gain a little power by taking damage.


Message History

There is a stone staircase leading up, spattered with blood here.
The gnoll hits you!
* * * LOW HITPOINT WARNING * * *
The gnoll barely misses you.
You climb upwards.
There is a stone staircase leading down here.
You closely miss the gnoll.
The gnoll is lightly wounded.
The gnoll hits you but does no damage.
You barely miss the gnoll.
The gnoll is lightly wounded.
The gnoll misses you.
You barely miss the gnoll.
The gnoll is lightly wounded.
The gnoll hits you.
* * * LOW HITPOINT WARNING * * *
You hit the gnoll.
The gnoll is severely wounded.
The gnoll hits you.
You die...

######### ## #.......# .#
######## #.####.## .#
#......# #.# #.# .# #......#
##.####.#
.######......######....##.#
......#.................#.#
##....#.......####......#.##
'.....'.........@#......#..#
#.....#.....#.#.g#......#.##
#.....#.......#..#.###..#.#
#.#####............)#...#.#
#.# #.....#.##.#..#.....#
#.#####..........#........#
#)#...#.....#.#.......#####
#.#...#.....#....#..###
#.#...###'#.#....#..#


You could see a gnoll.

Vanquished Creatures
  A gnoll (D:2)
  An ooze (D:1)
  2 worms (D:2)
  2 leopard geckos (D:1)
  4 bats
  4 goblins
  7 hobgoblins (D:1)
  A jackal (D:1)
  4 frilled lizards (D:1)
  4 kobolds
  3 rats
33 creatures vanquished.

Notes
Turn   | Place    | Note
-------+----------+-------------------------------------------
     0 | D:1      | sveltemanboy the Demonspawn Monk began the quest for the Orb.
     0 | D:1      | Reached XP level 1. HP: 18/18 MP: 1/1
   261 | D:1      | Reached skill level 1 in Maces & Flails
   262 | D:1      | Gained mutation: You sometimes gain a little power by taking damage. [demonic ancestry]
   262 | D:1      | Reached XP level 2. HP: 21/24 MP: 2/2
  1216 | D:1      | Reached XP level 3. HP: 29/29 MP: 3/3
  1484 | D:2      | Reached skill level 1 in Armour
  1686 | D:2      | Found a snail-covered altar of Cheibriados.
  1687 | D:2      | Found a blossoming altar of Fedhas.
  1774 | D:1      | Slain by a gnoll

Vault maps used:
D:1:      minmay_arrival_four_circles, minmay_misc_feat_more_columns,
          st_stairs_1, minmay_heptomino_o4
D:2:      gammafunk_temple_overflow_pools, first_bread

Skill      XL: |  1  2  3 |
---------------+----------+-----
Maces & Flails | 1 2 |  2.1
Dodging        | 3 |  3.1
Armour         | 1 |  1.2
Fighting       | |  3.0
Long Blades    | |  2.6
Stealth        | |  1.7

Action                   || total
-------------------------++-------
Melee: Mace              ||    90
       Falchion          ||     3
       Whip              ||    28
  Use: Potion            ||     1
 Stab: Sleeping          ||     1
  Eat: Chunk             ||     3
Armor: Robe              ||    24
Dodge: Dodged            ||    95
       Rpst.: Falchion   ||     2
